[Event "Late-Titled-Tuesday-Blitz-June-25-2024"]
[Site "Chess.com"]
[Date "2024.06.25"]
[Round "4"]
[White "rhungaski"]
[Black "AEMEffi"]
[Result "1-0"]
[WhiteElo "2626"]
[BlackElo "2342"]
[TimeControl "180+1"]
[EndTime "14:37:46 PDT"]
[Termination "rhungaski won on time"]

1. b3 d5 2. Bb2 Nf6 3. Nf3 a5 4. a3 c5 5. e3 Nc6 6. Bb5 e6 7. O-O Bd7 8. c4 Bd6 9. cxd5 exd5 10. d4 O-O 11. dxc5 Bxc5 12. Nc3 Ne7 13. Bxd7 Qxd7 14. Na4 Ba7 15. Bxf6 gxf6 16. Qd3 Rac8 17. Nc3 Bb8 18. Rfd1 Rfd8 19. Rac1 Qd6 20. Nb5 Qb6 21. a4 Rxc1 22. Rxc1 Qe6 23. h3 Nc6 24. Nbd4 Nxd4 25. Qxd4 Be5 26. Qd3 f5 27. g3 Bf6 28. Rc5 Qe4 29. Qxe4 fxe4 30. Nd4 Bxd4 31. exd4 b6 32. Rc6 Kg7 33.
g4 Kf8 34. Rxb6 Rc8 35. Rb5 Rc3 36. Kg2 Rd3 37. Rxd5 Rxb3 38. Rxa5 Rb4 39. d5 Rd4 40. Kg3 Ke7 41. Kf4 Kd6 42. Ke3 Rb4 43. h4 Ke5 44. d6+ Kxd6 45. h5 h6 46. Kf4 1-0

[Event "Late-Titled-Tuesday-Blitz-June-25-2024"]
[Site "Chess.com"]
[Date "2024.06.25"]
[Round "4"]
[White "DmitriiZakurdaev"]
[Black "Shahdad2007"]
[Result "1-0"]
[WhiteElo "2409"]
[BlackElo "2578"]
[TimeControl "180+1"]
[EndTime "14:37:46 PDT"]
[Termination "DmitriiZakurdaev won by resignation"]

1. d4 Nf6 2. c4 g6 3. Nc3 d5 4. cxd5 Nxd5 5. e4 Nxc3 6. bxc3 Bg7 7. Be3 c5 8. Qd2 Nc6 9. d5 Qa5 10. Rc1 Ne5 11. h3 O-O 12. f4 Nd7 13. Nf3 Nf6 14.
Bd3 Rd8 15. c4 Qxd2+ 16. Kxd2 b6 17. Kc2 e6 18. e5 Nd7 19. dxe6 fxe6 20. Ng5 Nf8 21.
h4 Bb7 22. Rh2 h6 23. Ne4 Bxe4 24. Bxe4 Rac8 25. Rhh1 Kf7 26. Rcd1 g5 27. g3 Ng6 28.
h5 Ne7 29. Rhf1 gxf4 30. gxf4 Bf8 31. Rg1 Nf5 32. Bxf5 exf5 33. Rg6 Rxd1 34. Kxd1 Rd8+ 35. Kc2 Ke7 36. Bf2 Ke8 37. Rf6 Bg7 38. Rxf5 Rd7 39. Bh4 Rd4 40. Kb3 Rd3+ 41. Ka4 Rc3 42. Kb5 Ra3 43.
Kc6 Rxa2 44. Bf6 Bf8 45. e6 Re2 46. Be5 a5 47. Rf7 a4 48. Ra7 Ra2 49. Kxb6 a3 50.
Bf6 Rb2+ 51. Kc6 Rb8 52. Rxa3 Rc8+ 53. Kd5 Be7 54. Ke5 Rc7 55. Ra8+ 1-0

[Event "Late-Titled-Tuesday-Blitz-June-25-2024"]
[Site "Chess.com"]
[Date "2024.06.25"]
[Round "4"]
[White "CoachVadim"]
[Black "sergeikim"]
[Result "0-1"]
[WhiteElo "2401"]
[BlackElo "2600"]
[TimeControl "180+1"]
[EndTime "14:37:46 PDT"]
[Termination "sergeikim won on time"]

1. Nf3 Nf6 2. g3 g6 3. Bg2 Bg7 4. O-O O-O 5. c4 d6 6. Nc3 e5 7.
b4 Nh5 8. d4 exd4 9. Nxd4 Re8 10.
Bb2 Nd7 11. e3 Ne5 12. Qb3 Nd3 13. Ba3 a5 14. bxa5 Nc5 15. Bxc5 dxc5 16. Ndb5 c6 17.
Rad1 Qxa5 18. Nd6 Rd8 19. Nce4 Qxa2 20. Qxa2 Rxa2 21. Nxc5 b6 22. Nxc8 Rxc8 23. Ne4 b5 24. Nd6 Rb8 25. Bxc6 b4 26. Bd5 b3 27. Nxf7 Nf6 28.
Be6 Ra6 29. Ng5+ Kf8 30. Bd5 Nxd5 31. cxd5 Ke7 32. Ne6 Bf6 33. Nc5 Rd6 34. Rb1 Rxd5 35. Rxb3 Rxb3 36. Nxb3 h5 37. Rc1 h4 38. Kg2 Rb5 39. Nd4 Rb2 40. Rc7+ Kd6 41. Rc6+ Ke7 42. Nf3 h3+ 43. Kxh3 Rxf2 44. Ne1 Kf7 45. Ng2 g5 46. Rc4 Ke6 47. Ne1 Kf5 0-1

[Event "Late-Titled-Tuesday-Blitz-June-25-2024"]
[Site "Chess.com"]
[Date "2024.06.25"]
[Round "4"]
[White "SebbyMeister"]
[Black "ccccvhhhj"]
[Result "0-1"]
[WhiteElo "2243"]
[BlackElo "2468"]
[TimeControl "180+1"]
[EndTime "14:37:50 PDT"]
[Termination "ccccvhhhj won on time"]

1. e4 e5 2. Nf3 Nc6 3. Bb5 Nge7 4. O-O Ng6 5. c3 Be7 6. d4 O-O 7. Be3 d6 8. h3 Kh8 9. dxe5 Ncxe5 10. Nxe5 dxe5 11.
Nd2 c6 12. Ba4 f5 13. exf5 Bxf5 14. Bc2 Bg5 15. Bxf5 Rxf5 16. Ne4 Bxe3 17. Qxd8+ Rxd8 18. fxe3 Rxf1+ 19. Kxf1 Kg8 20. Ke2 Ne7 21. c4 h6 22.
Rf1 a5 23. g4 a4 24. Nc5 b5 25.
Rc1 Rc8 26. Ne4 Rb8 27. cxb5 Rxb5 28. Rc2 Nd5 29. Kf3 Rb8 30. Nc5 Nb4 31. Rc4 Nxa2 32.
Nd3 Ra8 33. Rxc6 a3 34. bxa3 Rxa3 35. Ke4 Nc3+ 36. Kxe5 Nb5 37. Rc8+ Kh7 38. Nf4 Rxe3+ 39. Kd5 Rf3 40. Ne6 Rxh3 41. Nf8+ Kg8 42. Ke6 Re3+ 43.
Kd7 Kf7 44. Nh7 Rd3+ 45. Kc6 Nd4+ 46. Kb7 Rb3+ 47. Ka8 Ne6 0-1

[Event "Late-Titled-Tuesday-Blitz-June-25-2024"]
[Site "Chess.com"]
[Date "2024.06.25"]
[Round "4"]
[White "josiur"]
[Black "ritanovikova"]
[Result "1-0"]
[WhiteElo "2470"]
[BlackElo "2246"]
[TimeControl "180+1"]
[EndTime "14:37:52 PDT"]
[Termination "josiur won on time"]

1. e4 e5 2. Nf3 Nf6 3. Nc3 Nc6 4. d4 exd4 5. Nxd4 Bc5 6. Be3 Nxd4 7. Bxd4 Bxd4 8. Qxd4 O-O 9. O-O-O d6 10. h4 Qe7 11.
f3 a6 12. g4 Qe5 13. Qd2 b5 14. Bg2 b4 15. Ne2 a5 16. g5 Nh5 17. f4 Qe6 18. Kb1 g6 19. f5 Qe5 20. f6 Bg4 21. Rde1 Rfb8 22. Nd4 Rb6 23. Nf3 Qf4 24. Qd5 c6 25. Qd4 Rab8 26. Nd2 c5 27. Qd3 Be6 28. Nc4 Bxc4 29. Qxc4 a4 30. Ref1 Qe5 31. Rd1 b3 32. cxb3 axb3 33. a3 Ra8 34. Bf3 Ng3 35. Rhg1 Rba6 36.
Qxb3 Nxe4 37. Qd5 Qxd5 38. Rxd5 Re8 39. Kc2 Ra4 40. Re1 Kf8 41. Bxe4 Raxe4 42. Rxe4 Rxe4 43.
Rxd6 1-0

[Event "Late-Titled-Tuesday-Blitz-June-25-2024"]
[Site "Chess.com"]
[Date "2024.06.25"]
[Round "4"]
[White "tptagain"]
[Black "MarcoRiehle"]
[Result "1/2-1/2"]
[WhiteElo "3017"]
[BlackElo "2820"]
[TimeControl "180+1"]
[EndTime "14:37:53 PDT"]
[Termination "Game drawn by repetition"]

1. d4 d5 2. Nf3 e6 3. e3 Nf6 4. Bd3 c5 5. b3 Nbd7 6. O-O Bd6 7. Bb2 O-O 8. Ne5 b6 9. Nd2 Bb7 10. Qe2 Rc8 11. Rad1 Qc7 12. Nxd7 Nxd7 13. h3 e5 14. dxc5 Nxc5 15. Bf5 Rcd8 16. c4 d4 17. exd4 exd4 18.
Qg4 Be5 19. Nf3 Bxf3 20. Qxf3 g6 21. Be4 Nxe4 22. Qxe4 Rfe8 23. Qf3 Bg7 24. Rd2 Rd7 25. Rfd1 Red8 26. g3 a5 27. Kg2 a4 28. h4 axb3 29. axb3 h5 30. Qe4 Qc5 31. Rd3 b5 32. Rc1 bxc4 33.
Rxc4 Qb6 34. Qc6 Qa5 35. b4 Qa2 36. Rc2 Qb1 37. Rcd2 Rd6 38. Qc4 Qe1 39. Rd1 Qe4+ 40. Kg1 Rc6 41. Qb3 Rb6 42. Rf3 Rb7 43. Rfd3 Rdb8 44. Bxd4 Rxb4 45. Qc3 Bxd4 46. Rxd4 Rxd4 47. Qxd4 Qxd4 48. Rxd4 Kg7 49. Kg2 Re8 50. Rd6 Re7 51. Kf3 Ra7 52. Rc6 Rb7 53. Rd6 Ra7 54. Rc6 Rb7 55.
Rd6 Ra7 1/2-1/2

[Event "Late-Titled-Tuesday-Blitz-June-25-2024"]
[Site "Chess.com"]
[Date "2024.06.25"]
[Round "4"]
[White "anasta10"]
[Black "hansen"]
[Result "1/2-1/2"]
[WhiteElo "2635"]
[BlackElo "2980"]
[TimeControl "180+1"]
[EndTime "14:37:53 PDT"]
[Termination "Game drawn by repetition"]

1. Nf3 d5 2. d4 Nf6 3. c4 e6 4.
Nc3 Bb4 5. g3 O-O 6. Bg2 dxc4 7.
O-O a6 8. Ne5 c5 9. dxc5 Qc7 10.
Qd6 Qxc5 11. Qxc5 Bxc5 12. Nxc4 Nbd7 13. Bf4 Ra7 14. Bd6 Bxd6 15. Nxd6 b5 16. Rfd1 Nb6 17.
Rac1 Bd7 18. Nce4 Nxe4 19. Bxe4 Rb8 20. b3 g6 21. Rc3 Kf8 22. Bf3 Ke7 23. Ne4 Nd5 24.
Rcc1 b4 25. Rd2 a5 26. Nc5 Nc3 27. Ne4 Rc7 28. Nxc3 bxc3 29. Rd4 e5 30. Rc4 Rxc4 31.
bxc4 Bh3 32. Bg2 c2 33. Be4 Rb2 34. Bxc2 Rxa2 35. f3 f5 36. Kf2 Kd6 37. Ke3 Kc5 38. Bd3 Rb2 39. Ra1 Kb4 40. c5 g5 41. c6 f4+ 42.
gxf4 exf4+ 43. Kd4 a4 44. c7 a3 45. Ke5 Bc8 46. Kd6 a2 47. Ke7 Ka3 48. Kd8 Bb7 49.
Be4 Ba6 50. Bd3 Bb7 51. Be4 Ba6 52. Bd3 Bb7 1/2-1/2

[Event "Late-Titled-Tuesday-Blitz-June-25-2024"]
[Site "Chess.com"]
[Date "2024.06.25"]
[Round "4"]
[White "Duhless"]
[Black "Grossboss19"]
[Result "1-0"]
[WhiteElo "3098"]
[BlackElo "2613"]
[TimeControl "180+1"]
[EndTime "14:37:53 PDT"]
[Termination "Duhless won on time"]

1. e4 e6 2. Nf3 d5 3. Nc3 d4 4.
Ne2 c5 5. Ng3 h5 6. Bb5+ Nd7 7.
h4 a6 8. Bxd7+ Bxd7 9. d3 Nf6 10.
Bf4 Be7 11. Ne5 g6 12. Qf3 Rh7 13. a4 Rc8 14. Nc4 Bc6 15. a5 Nd7 16. Nd6+ Bxd6 17. Bxd6 Bb5 18. Qf4 Qf6 19. Qxf6 Nxf6 20. Ne2 Kd7 21.
Be5 Ne8 22. Bg3 f6 23. e5 f5 24. Nf4 Rg7 25. c4 dxc3 26. bxc3 Nc7 27. c4 Bc6 28. f3 Ke8 29. Bf2 Kf7 30. Bxc5 Rgg8 31. Rh3 Rcd8 32. Bb6 Rd7 33. d4 Ne8 34. Ke2 Nc7 35. Ke3 Rg7 36.
Rah1 Kg8 37. Rg3 Kh7 38. Rg5 Ne8 39. Rh3 Ba4 40. Rhg3 Bb3 41. Kd3 Rdf7 42. Kc3 Ba4 43. d5 exd5 44. cxd5 Rd7 45. e6 Rd6 46. Kb4 Bb5 47.
Bc5 Rd8 48. Bd4 Rg8 49. Nxg6 Nc7 50. Nf8+ 1-0

[Event "Late-Titled-Tuesday-Blitz-June-25-2024"]
[Site "Chess.com"]
[Date "2024.06.25"]
[Round "4"]
[White "FLYD"]
[Black "HaryKane"]
[Result "0-1"]
[WhiteElo "2152"]
[BlackElo "2619"]
[TimeControl "180+1"]
[EndTime "14:37:54 PDT"]
[Termination "HaryKane won by checkmate"]

1. e4 e6 2. d4 d5 3. Nc3 Nf6 4. e5 Nfd7 5. Qg4 c5 6. Nb5 g6 7. Nf3 cxd4 8. Nbxd4 Nc6 9. Bf4 Qb6 10. O-O-O h5 11.
Qg3 h4 12. Qg4 Rh5 13. Nxe6 Nc5 14. Nc7+ Qxc7 15. e6 Bxe6 16. Qxe6+ Nxe6 17. Bxc7 Nxc7 18. Be2 O-O-O 19. Rhe1 Bh6+ 20. Kb1 h3 21. Ng1 Re5 22.
Nxh3 Rde8 23. Bg4+ f5 24. Rxe5 Nxe5 25. Be2 Ng4 26.
Bd3 Nxh2 27. f3 Bf8 28. c3 Bd6 29. Rh1 Rh8 30. Ng5 Bf4 31. Nh3 Bg3 32. Ng1 Ne6 33. Ne2 f4 34. Bxg6 Nc5 35. Bf5+ Kc7 36. Rd1 Re8 37. Nxg3 fxg3 38. Rxd5 Re1+ 39. Kc2 Kc6 40.
Rd2 Nf1 41. Rd8 Re2+ 42. Kd1 Rxg2 43. Re8 Rxb2 44. a3 g2 45. Rg8 Ne3+ 46. Kc1 Rf2 47. Rc8+ Kb6 48. Rc6+ Kxc6 49. Be4+ Kb6 50. a4 g1=Q# 0-1

[Event "Late-Titled-Tuesday-Blitz-June-25-2024"]
[Site "Chess.com"]
[Date "2024.06.25"]
[Round "4"]
[White "Aryan_Tamadon"]
[Black "ReinisUz"]
[Result "0-1"]
[WhiteElo "2632"]
[BlackElo "2458"]
[TimeControl "180+1"]
[EndTime "14:37:55 PDT"]
[Termination "ReinisUz won on time"]

1. Nf3 c5 2. b3 Nc6 3. Bb2 Nf6 4.
e3 g6 5. d4 cxd4 6. exd4 d5 7.
Bd3 Bg7 8. h3 O-O 9. O-O Ne4 10.
Re1 f5 11. c4 e6 12. Nbd2 Qb6 13. c5 Qc7 14. a3 Nxc5 15. Bb5 Ne4 16. b4 Qb6 17. Bxc6 bxc6 18. Nb3 Ba6 19. Rc1 Bb5 20. Na5 Rac8 21. a4 Ba6 22. Ba3 Rfe8 23. Rc2 Nd6 24. Qc1 Nc4 25. Nxc4 Bxc4 26. Nd2 Bxd4 27. Nxc4 dxc4 28. Ree2 c3 29. h4 e5 30. h5 Kg7 31.
Qg5 Qd8 32. Qg3 Qf6 33. Bc1 Rb8 34. hxg6 Qxg6 35. Qd3 Rxb4 36. Rxc3 Bxc3 37. Qxc3 Re4 38. Rb2 Re7 39. f3 Rd4 40. Be3 Rd1+ 41. Kf2 Red7 42. Qxe5+ Qf6 43. Qg3+ Kf7 44. Re2 Qa1 45. Qg5 Rf1+ 46.
Kg3 Qg7 47. Kf4 Qxg5+ 48. Kxg5 Rd5 49. Bf4 Ra1 0-1

[Event "Late-Titled-Tuesday-Blitz-June-25-2024"]
[Site "Chess.com"]
[Date "2024.06.25"]
[Round "4"]
[White "PhileKhoob"]
[Black "Stanbad1"]
[Result "0-1"]
[WhiteElo "2367"]
[BlackElo "2737"]
[TimeControl "180+1"]
[EndTime "14:37:56 PDT"]
[Termination "Stanbad1 won on time"]

1. Nf3 Nf6 2. g3 g6 3. Bg2 Bg7 4. O-O d6 5. d4 O-O 6. b3 c5 7. c4 Nc6 8. Bb2 Bg4 9. d5 Nb8 10.
h3 Bxf3 11. Bxf3 b5 12. cxb5 a6 13. bxa6 Nxa6 14. Nc3 Qb6 15. e4 Rfb8 16. Rb1 Qa5 17. a4 Nd7 18. Nb5 Bxb2 19. Rxb2 c4 20. bxc4 Nac5 21. Ra2 Qb4 22. Qe1 Qxc4 23. Qa1 Ne5 24.
Bg2 Rxb5 25. axb5 Rxa2 26. Qb1 Ra5 27. b6 Rb5 28. Qa1 Rxb6 29. f4 Ned3 30. e5 Rb2 31. e6 Qd4+ 32. Kh1 fxe6 33. dxe6 Kg7 34. f5 gxf5 35. Rxf5 Nf2+ 36. Kh2 Ng4+ 37. Kh1 Ne3 38. Rf7+ Kh6 39. Qa8 Qd1+ 40. Rf1 Qxf1+ 41. Bxf1 Rf2 42. Bb5 Nxe6 43. Qe8 Nf5 44. g4 Neg7 45. Qd7 Ng3+ 46. Kg1 Rf6 47. Qxe7 N3h5 48. gxh5 Nxh5 49. Be2 Rg6+ 50.
Kh2 Nf6 51. Qf8+ Kg5 52. Qxd6 Ng4+ 53. Bxg4 Rxd6 54. Kg3 Rd3+ 55. Kg2 Kh4 56. Bf5 Re3 57. Bg4 h5 58. Bf5 Kg5 59. Bd7 Kf4 60. Bc8 Re2+ 61.
Kg1 Kg3 62. Kf1 Rf2+ 63. Kg1 Rc2 64. Ba6 Rc1+ 65. Bf1 h4 0-1

[Event "Late-Titled-Tuesday-Blitz-June-25-2024"]
[Site "Chess.com"]
[Date "2024.06.25"]
[Round "4"]
[White "Jarming"]
[Black "subham777"]
[Result "1-0"]
[WhiteElo "2710"]
[BlackElo "2533"]
[TimeControl "180+1"]
[EndTime "14:37:56 PDT"]
[Termination "Jarming won on time"]

1. d4 d5 2. c4 e6 3. g3 Nf6 4. Bg2 Be7 5. Nf3 O-O 6. O-O Ne4 7. Nc3 c6 8. Ne5 f5 9. Qb3 Qb6 10. Be3 Nd7 11. Nd3 Ndf6 12. f3 Nxc3 13. bxc3 Qxb3 14. axb3 a6 15. Ra2 Bd6 16. Rb1 Bd7 17. Bf4 Bxf4 18.
gxf4 Be8 19. Nc5 Ra7 20. Nxe6 Rf7 21. Kf2 Re7 22. Nc5 Bf7 23. cxd5 Nxd5 24. Rc1 Nxf4 25. Bf1 a5 26. Rca1 b6 27. Nd3 Nxd3+ 28. exd3 Bxb3 29. Rb2 a4 30. h4 g6 31. f4 Kg7 32. Bg2 Rac7 33. Bf3 Red7 34. Be2 c5 35. dxc5 bxc5 36.
h5 Rd6 37. Rd2 Re7 38. Rb2 Rde6 39. Rg1 a3 40. Rd2 a2 41. Ra1 Ra7 42. c4 Rea6 43. Rb2 Ra3 44. Ke3 Kf6 45. Kd2 g5 46. fxg5+ Kxg5 47. Kc3 Bd1+ 48. Kd2 Bxe2 49. Kxe2 Re7+ 50. Kd2 Rd7 51.
Raxa2 Rdxd3+ 52. Ke2 Re3+ 53. Kf2 Rxa2 54. Rxa2 Re4 55.
Ra7 Kh6 56. Rf7 Kxh5 57. Rxf5+ Kg4 58. Rxc5 h5 59. Rc8 h4 60. c5 Rc4 61. c6 1-0

[Event "Late-Titled-Tuesday-Blitz-June-25-2024"]
[Site "Chess.com"]
[Date "2024.06.25"]
[Round "4"]
[White "xasid81"]
[Black "AlexOstrovskiy"]
[Result "0-1"]
[WhiteElo "2540"]
[BlackElo "2713"]
[TimeControl "180+1"]
[EndTime "14:37:59 PDT"]
[Termination "AlexOstrovskiy won on time"]

1. e4 d5 2. exd5 Nf6 3. d4 Bg4 4. Nf3 Qxd5 5. Be2 Nc6 6. c3 O-O-O 7. Qb3 e5 8. Qxd5 Rxd5 9. c4 Rd8 10. d5 Bxf3 11. Bxf3 Nd4 12. Bd1 c6 13. dxc6 bxc6 14. O-O Ne4 15. Nd2 Nxd2 16. Bxd2 Ne2+ 17. Bxe2 Rxd2 18.
Bg4+ Kc7 19. Rfd1 Rxb2 20. Rd7+ Kb6 21. Rd8 Kc5 22. Rc8 g6 23. Bf3 Rb6 24. h4 Bg7 25.
Rxh8 Bxh8 26. Rd1 f5 27. Rd8 Bf6 28. Rd7 e4 29. Be2 Rb1+ 30. Bf1 Bxh4 31. Rxh7 Bf6 32.
Rxa7 Bd4 33. Re7 Rb2 34. Kh1 Rb1 35. Kg1 Rb2 36. g4 Rxf2 37. Bg2 Rxa2+ 38. Kh1 Kxc4 39. gxf5 gxf5 40. Rf7 Ra1+ 41. Kh2 Be5+ 42. Kh3 Ra3+ 43. Kh4 Ra2 44. Kh3 Ra3+ 45. Kh4 f4 46. Bxe4 Kd4 47. Bxc6 Ra6 48. Bf3 Ke3 49. Bh5 Bf6+ 50. Kg4 f3 51. Rf8 f2 52. Re8+ Kd2 0-1

[Event "Late-Titled-Tuesday-Blitz-June-25-2024"]
[Site "Chess.com"]
[Date "2024.06.25"]
[Round "4"]
[White "h4parah5"]
[Black "CM_rui"]
[Result "1-0"]
[WhiteElo "2973"]
[BlackElo "2563"]
[TimeControl "180+1"]
[EndTime "14:38:00 PDT"]
[Termination "h4parah5 won by resignation"]

1. Nf3 Nf6 2. b3 d6 3. d4 b6 4. g3 Bb7 5. Bg2 g6 6. O-O Bg7 7. Bb2 O-O 8. c4 Nbd7 9. Nc3 Re8 10. Re1 e5 11. Nxe5 Bxg2 12. Nxd7 Bh3 13. Nxf6+ Qxf6 14. Nd5 Qd8 15. e4 Qd7 16. Nf4 Re7 17. f3 g5 18.
Nh5 Rae8 19. Nxg7 Kxg7 20. d5+ f6 21. Qd2 Kg6 22. Qd3 Kg7 23. Kf2 h5 24. f4 Qg4 25. Qc3 gxf4 26. Qxf6+ Kh7 27. Qxf4 Qxf4+ 28. gxf4 Rxe4 29. Rxe4 Rxe4 30. Kg3 Bg4 31. Bf6 Kg6 32.
Bd8 Re3+ 33. Kg2 Re2+ 34. Kg1 Kf5 35. Bxc7 Kxf4 36. Bxd6+ Kf3 37. Rf1+ Ke3 38. Bf4+ Ke4 39. Bg3 Bh3 40. Rd1 Rxa2 41. d6 Bd7 42. Re1+ Kf3 43. Re7 Rg2+ 44. Kf1 Bh3 45. Ke1 Rg1+ 46. Kd2 Rg2+ 47.
Kc3 Rg1 48. Rf7+ Ke4 49. Re7+ Kf3 50. Re5 Rd1 51. Rxh5 Bg4 52. Rh7 Rc1+ 53. Kb2 Rd1 54. Rf7+ Ke4 55. Rf4+ Ke3 56. Rxg4 Rd2+ 57. Ka3 a5 58.
Bf4+ Kd3 59. Bxd2 b5 60. cxb5 Kc2 61. d7 a4 62. bxa4 Kb1 63. b6 Kc2 64. a5 Kb1 65. a6 Kc2 66. b7 Kd1 67. a7 Kc2 68. Ba5 Kd1 1-0

[Event "Late-Titled-Tuesday-Blitz-June-25-2024"]
[Site "Chess.com"]
[Date "2024.06.25"]
[Round "4"]
[White "IndianSchoolOfSuffering"]
[Black "fin"]
[Result "1-0"]
[WhiteElo "2498"]
[BlackElo "2718"]
[TimeControl "180+1"]
[EndTime "14:38:00 PDT"]
[Termination "IndianSchoolOfSuffering won by resignation"]

1. e4 c6 2. d4 d5 3. e5 c5 4. c3 e6 5. Nf3 Nc6 6. Be2 cxd4 7.
cxd4 Bb4+ 8. Nc3 Nge7 9. O-O O-O 10. Bd3 Ng6 11. g3 f6 12. exf6 Qxf6 13. Kg2 Nxd4 14.
Nxd4 Qxd4 15. Bxg6 Qxd1 16. Bxh7+ Kxh7 17. Rxd1 Bd7 18. Be3 Rf5 19. f4 b6 20. Rac1 Re8 21.
Bd4 g5 22. fxg5 e5 23. Nxd5 exd4 24. Nf6+ Rxf6 25. gxf6 Re2+ 26. Kf3 Re3+ 27. Kf2 Bb5 28. Rxd4 Re2+ 29. Kf3 Bc5 30. Rf4 Rf2+ 31. Ke4 Bc6+ 32. Kf5 Rxb2 33. Re1 Bd7+ 34. Kg5 Rb5 35. Re5 Kg8 36. Kg6 Kf8 37. Rh4 Be8+ 38. Rxe8+ Kxe8 39. Rh8+ Kd7 40. Rh7+ Ke6 41. Rxa7 Rb2 42. g4 Rxh2 43. g5 Rg2 44. Ra8 Ke5 45. Re8+ Kf4 46. f7 Rxg5+ 47. Kh7 Rf5 48. Kg7 b5 49. Kg6 b4 50. Rc8 Bd6 51. Rc6 Rd5 52. Kg7 Rg5+ 53. Kf6 Rf5+ 54. Ke6 Be5 55. Rc4+ Kg5 56. f8=Q Rxf8 57. Kxe5 Re8+ 58.
Kd4 Ra8 59. Rxb4 Rxa2 60. Kc4 Kf4 61. Kb3+ 1-0

[Event "Late-Titled-Tuesday-Blitz-June-25-2024"]
[Site "Chess.com"]
[Date "2024.06.25"]
[Round "4"]
[White "wild3000"]
[Black "Veleamater"]
[Result "0-1"]
[WhiteElo "2530"]
[BlackElo "2399"]
[TimeControl "180+1"]
[EndTime "14:38:03 PDT"]
[Termination "Veleamater won on time"]

1. d4 d6 2. c4 g6 3. h4 Nf6 4.
Nc3 Nc6 5. e4 e5 6. d5 Nd4 7. Be3 c5 8. dxc6 Nxc6 9. Be2 h5 10.
Nf3 Qa5 11. O-O Bg4 12. a3 a6 13. b4 Qd8 14. Bg5 Bxf3 15. Bxf3 Nd4 16. Nd5 Bg7 17.
Qa4+ b5 18. cxb5 axb5 19. Qxa8 Qxa8 20. Nc7+ Kd7 21. Nxa8 Rxa8 22. Rfc1 Ne8 23. Be3 Nb3 24. Rcb1 Nxa1 25. Rxa1 f5 26. Be2 Rb8 27. exf5 gxf5 28. Bxh5 d5 29. Bc5 d4 30. Rd1 Ke6 31. f4 Nf6 32.
Be2 e4 33. Rxd4 Nd5 34. Rd1 Nxf4 35. Bf1 Bb2 36. Rd6+ Ke5 37. Rb6 Rxb6 38. Bxb6 Nd3 39. h5 Bxa3 40. h6 Bb2 41. h7 Ke6 42. Kh2 Kf7 43. Kh3 Kg7 44. g4 f4 45. g5 Kxh7 46.
Kg4 Kg6 47. Bc5 Bc1 48. Bd6 f3 49. Kh4 Nf4 0-1

[Event "Late-Titled-Tuesday-Blitz-June-25-2024"]
[Site "Chess.com"]
[Date "2024.06.25"]
[Round "4"]
[White "KnightmareJoker"]
[Black "Zq1"]
[Result "0-1"]
[WhiteElo "2283"]
[BlackElo "2491"]
[TimeControl "180+1"]
[EndTime "14:38:07 PDT"]
[Termination "Zq1 won by resignation"]

1. d4 Nf6 2. c4 a6 3. Nc3 c5 4. Nf3 cxd4 5. Nxd4 d5 6. cxd5 Nxd5 7. e4 Nxc3 8. bxc3 g6 9. Be3 Bg7 10. h4 h5 11. Be2 O-O 12. g4 Bxg4 13. Bxg4 hxg4 14.
Qxg4 Qc8 15. Qxc8 Rxc8 16. Rc1 Nc6 17. Nb3 Ne5 18. Ke2 Rc4 19. f3 Rac8 20. Bd4 Ra4 21. Rc2 Nc6 22. Bxg7 Kxg7 23. h5 Nb4 24. Rb2 Rxc3 25. Nd2 b5 26. hxg6 fxg6 27. Rh3 Nc6 28. Nb3 Nd4+ 29. Nxd4 Rxd4 30. Rg3 b4 31. Kf2 a5 32.
Kg2 a4 33. Kh3 a3 34. Rbg2 Rc6 35. Kh4 Rd1 36. e5 Kh6 37. Kg4 Rc4+ 38. f4 Rf1 39. Kh3 Rc3 40. Rxc3 bxc3 41. Rc2 Rf3+ 42. Kg4 Rd3 43.
f5 Rd4+ 44. Kf3 gxf5 45. Rxc3 Re4 46. Rxa3 Rxe5 47. Kf4 Rb5 48. Ra6+ Kg7 49. Kg5 Kf7 50. a4 Rd5 51. a5 Ke8 52. Ra7 Kf7 53. a6 Ra5 54.
Ra8 Ke6 55. a7 Ra1 56. Kf4 Ra4+ 57. Ke3 Ke5 58. Kf3 Ra3+ 59. Ke2 Kf4 60. Re8 Rxa7 61.
Rb8 e5 62. Rb4+ e4 63. Kf2 Ra2+ 64. Kf1 Kf3 65. Rb3+ e3 66. Rb1 f4 67. Ke1 Rh2 0-1

[Event "Late-Titled-Tuesday-Blitz-June-25-2024"]
[Site "Chess.com"]
[Date "2024.06.25"]
[Round "4"]
[White "LastGladiator1"]
[Black "Root_21"]
[Result "1-0"]
[WhiteElo "2988"]
[BlackElo "2671"]
[TimeControl "180+1"]
[EndTime "14:38:10 PDT"]
[Termination "LastGladiator1 won on time"]

1. e4 e6 2. d4 d5 3. e5 c5 4. c3 Nc6 5. Nf3 Qb6 6. a3 c4 7.
Nbd2 Na5 8. Be2 Bd7 9. Rb1 O-O-O 10. O-O Kb8 11. h4 Ne7 12. Qe1 Nc8 13. Bd1 Qa6 14. Be2 Qb6 15. Bd1 Qa6 16. h5 Nb6 17. Be2 Na4 18.
b4 Nxc3 19. bxa5 Nxb1 20. Nxb1 h6 21. Bd2 g6 22. hxg6 fxg6 23. Bb4 g5 24. Nc3 Rh7 25. Qb1 Rg7 26. Nh2 Be7 27. Ng4 Rh8 28. Nf6 Bc8 29.
f4 gxf4 30. Rxf4 Bd8 31. Na4 Bxa5 32. Nc5 Qb5 33. Bd1 Bxb4 34. axb4 a5 35. Ba4 Qxb4 36. Qc2 b5 37. Rf1 c3 38. Qd3 Qc4 39. Bxb5 Qxd3 40. Bxd3 Ka7 41. Rc1 Rg3 42. Rxc3 h5 43. Kf2 h4 44.
Ra3 Kb6 45. Rb3+ Ka7 46. Rb5 a4 47. Ra5+ Kb6 48. Rxa4 Kc7 49. Ra7+ Kd8 50. Bb5 Rc3 51. Bd7 Rc2+ 52. Ke3 h3 53. Nxe6+ Ke7 54. Bxc8+ 1-0

[Event "Late-Titled-Tuesday-Blitz-June-25-2024"]
[Site "Chess.com"]
[Date "2024.06.25"]
[Round "4"]
[White "tolimachess"]
[Black "boguszp"]
[Result "1-0"]
[WhiteElo "2321"]
[BlackElo "1976"]
[TimeControl "180+1"]
[EndTime "14:38:10 PDT"]
[Termination "tolimachess won on time"]

1. e4 c6 2. d4 d5 3. Nc3 dxe4 4. Nxe4 Bf5 5. Ng3 Bg6 6. Nh3 h6 7. Nf4 Bh7 8. Bc4 e6 9. O-O Nf6 10. Re1 Nd5 11. Qh5 g6 12. Qe5 Qf6 13. Bxd5 Qxe5 14. Rxe5 cxd5 15. Nxd5 Bd6 16. Re1 Nc6 17. Bxh6 O-O-O 18. Ne3 Bf8 19. Bxf8 Rhxf8 20. c3 e5 21. d5 Ne7 22. c4 f5 23. Nc2 e4 24. Nd4 Bg8 25. h4 a6 26. Rac1 Kb8 27. a3 Rc8 28. Nge2 Rfd8 29.
Nf4 Rd6 30. Nfe6 Bxe6 31. Nxe6 b5 32. b3 Nc6 33. Red1 Ne5 34. Nf4 bxc4 35. bxc4 Rxc4 36. Rxc4 Nxc4 37. Rb1+ Ka7 38. Rb3 Nb6 39. g3 Nxd5 40. Nxd5 Rxd5 41. Rc3 Kb7 42. Kg2 Kb6 43. f3 a5 44. fxe4 fxe4 45. Kf2 Kb5 46. Ke3 Rd3+ 47. Rxd3 exd3 48. Kxd3 Ka4 49. g4 Kxa3 50. h5 gxh5 51. gxh5 1-0

[Event "Late-Titled-Tuesday-Blitz-June-25-2024"]
[Site "Chess.com"]
[Date "2024.06.25"]
[Round "4"]
[White "zverr1"]
[Black "Zurability"]
[Result "1/2-1/2"]
[WhiteElo "2567"]
[BlackElo "2765"]
[TimeControl "180+1"]
[EndTime "14:38:11 PDT"]
[Termination "Game drawn by repetition"]

1. e4 c5 2. Nf3 d6 3. Nc3 Nf6 4. e5 dxe5 5. Nxe5 e6 6. Bb5+ Nbd7 7. d4 Bd6 8. Bg5 Qc7 9. Bxf6 gxf6 10. Nxd7 Bxd7 11. Bxd7+ Qxd7 12. Ne4 O-O-O 13. dxc5 Be7 14.
Qxd7+ Rxd7 15. Ke2 f5 16. c6 bxc6 17. Nc3 Bf6 18.
Rhd1 Bxc3 19. bxc3 Rg8 20. g3 Rg4 21. Rxd7 Kxd7 22.
Rd1+ Kc7 23. Rd4 e5 24. Rd3 Ra4 25. Rf3 Kd6 26. Rxf5 Ke6 27. Rh5 Rxa2 28. Kd2 a5 29. c4 a4 30. Rh6+ f6 31. Rxh7 a3 32. Ra7 Ra1 33.
h4 Kf5 34. Ra6 a2 35. c5 Kg4 36. Kc3 e4 37. Kb2 Rf1 38. Kxa2 Rxf2 39. Kb2 e3 40. Rxc6 e2 41. Re6 Kxg3 42. c6 Rf5 43.
Rxe2 Rc5 44. h5 Rxc6 45. h6 Rc8 46. Re6 f5 47. Rg6+ Kf3 48. Rg5 f4 49. h7 Rh8 50.
Rg7 Ke2 51. Rf7 f3 52. Re7+ Kd1 53. Rf7 Ke2 54. Re7+ Kf1 55. Rf7 f2 56. Kc3 Kg1 57.
Rg7+ Kh2 58. Rf7 Kg2 59. Rg7+ Kh3 60. Rf7 Kg3 61. Rg7+ Kh2 62. Rf7 Kg2 63. Rg7+ Kh2 1/2-1/2

[Event "Late-Titled-Tuesday-Blitz-June-25-2024"]
[Site "Chess.com"]
[Date "2024.06.25"]
[Round "4"]
[White "burbur555"]
[Black "dolynachess"]
[Result "1-0"]
[WhiteElo "2704"]
[BlackElo "2525"]
[TimeControl "180+1"]
[EndTime "14:38:12 PDT"]
[Termination "burbur555 won on time"]

1. d4 Nf6 2. g3 c5 3. d5 b5 4. Bg2 Bb7 5. e4 d6 6. b3 g6 7. Bb2 Bg7 8. Ne2 O-O 9. O-O Re8 10. Re1 b4 11. c4 a5 12. a4 Nbd7 13. Nd2 Qc7 14. Qc2 e6 15. dxe6 fxe6 16. f4 e5 17. f5 Nb8 18. Nf1 Nc6 19. Ne3 Nd4 20. Qd3 gxf5 21. Nxf5 Nxf5 22. exf5 Bxg2 23. Kxg2 Qc6+ 24. Kg1 e4 25. Qc2 d5 26. cxd5 Qxd5 27. Rad1 Qxf5 28. Rf1 Qg5 29. Nf4 e3 30. Rde1 Rad8 31. Qc4+ Nd5 32. Bxg7 Kxg7 33. Qxc5 Re5 34. Qa7+ Qe7 35. Qa6 Nxf4 36.
Rxf4 e2 37. Rg4+ Kh8 38. Qc4 Re8 39. Rf4 Qc5+ 40. Qxc5 Rxc5 41. Kf2 Rc3 42. Rf3 Rc2 43.
Rf5 Rc3 44. Rf3 Rc2 45. g4 Rb2 46. h3 Kg7 47. Rd3 Kg6 48. h4 h6 49. Kf3 Rf8+ 50. Kg3 Re8 51. Kf2 Rf8+ 52. Rf3 Re8 53. Kg3 Re7 54. h5+ Kg7 55. Kf2 Re8 56. Rf5 Re7 57.
Rxa5 Rxb3 58. Rf5 Ra3 59. a5 1-0